 Dungeon Crawl Stone Soup version 0.32-a0-411-g744942f433 (webtiles) character file.

Game seed: 4542082060342113753

287 adelrune the Covered (level 6, 0/52 HPs)
             Began as an Armataur Fighter on Feb 20, 2024.
             Was an Initiate of Yredelemnul.
             Slain by a water moccasin (1 damage)
             ... on level 4 of the Dungeon.
             The game lasted 00:05:34 (2196 turns).

adelrune the Covered (Armataur Fighter)             Turns: 2196, Time: 00:05:34

Health: 0/52       AC:  8    Str: 23    XL:     6   Next: 8%
Magic:  6/6        EV:  7    Int:  8    God:    Yredelemnul [......]
Gold:   61         SH:  4    Dex: 10    Spells: 5/5 levels left

rFire   . . .        a - +0 flail
rCold   . . .        c - +0 buckler
rNeg    + . .        b - +0 scale mail
rPois   .            (no helmet)
rElec   .            (no cloak)
rCorr   .            d - +0 pair of gloves
SInv    .            (no barding)
Will    .....        (no amulet) Stlth
                     h - ring of positive energy
HPRegen 0.28/turn    (no ring)
MPRegen 0.10/turn

%: roll
@: wreathed by umbra
A: large, deformed body, tough skin 3, armoured tail, roll 1
a: Renounce Religion, Light the Black Torch, Recall Undead Harvest


You were on level 4 of the Dungeon.
You worshipped Yredelemnul.
Yredelemnul was noncommittal.
You visited 1 branch of the dungeon, and saw 4 of its levels.

You collected 61 gold pieces.

Inventory:

Hand Weapons
 a - a +0 flail (weapon)
Armour
 b - a +0 scale mail (worn)
 c - a +0 buckler (worn)
 d - a +0 pair of gloves (worn)
Jewellery
 h - a ring of positive energy (left hand)
Scrolls
 e - 2 scrolls of blinking {unknown}
 f - a scroll of immolation {unknown}
 g - 2 scrolls of teleportation {unknown}
 k - a scroll of torment {unknown}
 l - a scroll of noise {unknown}
 m - a scroll of revelation {unknown}
 n - 2 scrolls of identify {unknown}
 o - 2 scrolls of amnesia {unknown}
Potions
 i - 2 potions of mutation {unknown}
 j - a potion of enlightenment {unknown}


   Skills:
 + Level 3.6 Fighting
 * Level 3.9 Maces & Flails
 + Level 4.9 Armour
 + Level 4.4 Shields


You had 5 spell levels left.
You didn't know any spells.
Your spell library contained the following spells:

 Spells                   Type           Power      Damage    Failure   Level
 Ozocubu's Armour         Ice            0%         N/A       98%         3
 Metabolic Englaciation   Hex/Ice        0%         N/A       100%        5
 Sculpt Simulacrum        Ice/Alch       0%         N/A       100%        6


Dungeon Overview and Level Annotations

Branches:
Dungeon (4/15)
 Temple: D:4-7

Altars:
Sif Muna
Yredelemnul


Innate Abilities, Weirdness & Mutations

Armour fits poorly on your strangely shaped body.
You have extremely tough skin. (AC +3)
You have a long armoured tail.
You regenerate magic when rolling toward enemies. (Rampage MPRegen)


Message History

Your orc zombie hits the water moccasin but does no damage.
You barely miss the water moccasin.
The water moccasin is lightly wounded.
You feel sick.
The water moccasin bites you but does no damage.
The dart slug bites your orc zombie.
You thump the water moccasin!
The water moccasin is heavily wounded.
You feel sick. You block the water moccasin's attack.
Your orc zombie hits the dart slug.
The water moccasin closely misses you.
You barely miss the water moccasin.
Your tail-slap misses the water moccasin.
The water moccasin is heavily wounded.
You feel sick.
You are no longer poisoned.
The water moccasin bites you.
* * * LOW HITPOINT WARNING * * *
Your orc zombie hits the dart slug.
The water moccasin bites you.
* * * LOW HITPOINT WARNING * * *
You closely miss the water moccasin.
The water moccasin is heavily wounded.
The water moccasin bites you but does no damage.
Your orc zombie misses the water moccasin.
You block the water moccasin's attack.
You hit the water moccasin but do no damage.
The water moccasin is heavily wounded.
The water moccasin bites you but does no damage.
Your orc zombie hits the water moccasin but does no damage.
The dart slug barely misses you.
You hit the water moccasin.
The water moccasin is severely wounded.
The water moccasin bites you.
* * * LOW HITPOINT WARNING * * *
Your orc zombie barely misses the water moccasin.
The water moccasin closely misses you. You block the dart slug's attack.
You barely miss the water moccasin.
The water moccasin is severely wounded.
The water moccasin bites you.
You die...
Your body rises from the dead as a mindless zombie.

#### #... #...
#...##
##...)##
#....@w#
........S$.#
.....(..Z..#
.........!.#
........#....
##.....####...
###..# #...
#.. ...


You could see a water moccasin, a dart slug (ally target) and a friendly orc
zombie.

Vanquished Creatures
  An ogre (D:3)
  An orc wizard (D:3)
  Robin (D:3)
  3 adders (D:2)
  2 dart slugs
  A ribbon worm (D:2)
  11 orcs
  10 ball pythons
  5 bats
  3 endoplasms (D:3)
  2 giant cockroaches
  10 goblins
  6 hobgoblins
  3 jackals (D:1)
  A quokka (D:4)
  2 frilled lizards
  2 kobolds
  8 rats
72 creatures vanquished.

Vanquished Creatures (others)
  An orc zombie (D:4)
  A rat zombie (D:3)
2 creatures vanquished.

Grand Total: 74 creatures vanquished

Notes
Turn   | Place    | Note
-------+----------+-------------------------------------------
     0 | D:1      | adelrune the Armataur Fighter began the quest for the Orb.
     0 | D:1      | Reached XP level 1. HP: 18/18 MP: 1/1
   179 | D:1      | Reached XP level 2. HP: 24/25 MP: 2/2
   626 | D:1      | Reached XP level 3. HP: 24/31 MP: 3/3
  1075 | D:2      | Reached XP level 4. HP: 38/38 MP: 4/4
  1416 | D:3      | Identified the +0 helmet of Nynighe {Will+ rCorr Str-3}
  1416 | D:3      | Noticed Robin
  1450 | D:3      | Killed Robin
  1544 | D:3      | Reached XP level 5. HP: 17/45 MP: 5/5
  1676 | D:3      | Found a basalt altar of Yredelemnul.
  1701 | D:3      | Became a worshipper of Yredelemnul the Fallen
  1723 | D:3      | Found a shimmering blue altar of Sif Muna.
  1917 | D:3      | Noticed an ogre
  1923 | D:3      | Killed an ogre
  1924 | D:3      | Reached XP level 6. HP: 32/51 MP: 6/6
  2176 | D:4      | Noticed a water moccasin
  2195 | D:4      | HP: 1/52 [water moccasin (3)]
  2196 | D:4      | Slain by a water moccasin

Illustrated notes

Levels and vault maps discovered:
D:1:      lightli_arrival_noodles, layout_basic
D:2:      layout_rooms, minmay_shallow_snake_nest
D:3:      layout_basic, mainiacjoe_overflow_concentric_impassable,
          lemuel_tele_altar, uniq_robin
D:4:      layout_layer_cave, lemuel_doored_altar, lemuel_crystal_altar

Skill      XL: |  1  2  3  4 |
---------------+-------------+-----
Maces & Flails | 2 3 |  3.9
Fighting       | 3 |  3.6
Armour         | 4 |  4.9
Shields        | 4 |  4.4

Action                     |  1- 3 |  4- 6 || total
---------------------------+-------+-------++-------
  Melee: Flail             |   101 |   103 ||   204
         Tailslap          |     8 |    14 ||    22
 Invoke: Light the Black T |       |     2 ||     2
    Use: Potion            |       |     1 ||     1
 Armour: Scale mail        |    91 |    84 ||   175
  Dodge: Dodged            |    30 |    31 ||    61
  Block: Buckler           |    28 |    22 ||    50

Table legend: (Time is in decaauts)
 A = Elapsed time spent in this place.
 B = Non-inter-level travel time spent in this place.
 C = Inter-level travel time spent in this place.
 D = Time resting spent in this place.
 E = Time spent auto-exploring this place.
 F = Levels seen in this place.
 G = Mean time per level.
                   A        B        C        D        E       F      G
               +--------+--------+--------+--------+--------+-----+--------+
         Total |   2254 |   2149 |    105 |    258 |   1343 |   4 |  563.5 |
       Dungeon |   2254 |   2149 |    105 |    258 |   1343 |   4 |  563.5 |
               +--------+--------+--------+--------+--------+-----+--------+

Top non-repeatable levels by time:
     D:3: 821 daAuts
     D:2: 731 daAuts
     D:1: 660 daAuts
     D:4: 40 daAuts
